 Dungeon Crawl Stone Soup version 0.31-a0-931-g7b59d4eb97 (webtiles) character file.

Game seed: 10848651445409067702

24888 retardedninja the Destroyer (level 13, -5/83 HPs)
             Began as a Gargoyle Fire Elementalist on Oct 18, 2023.
             Was a Priest of Vehumet.
             Engulfed by a fire crab's flame (10 damage)
             ... on level 4 of the Lair of Beasts on Oct 19, 2023.
             The game lasted 00:33:46 (23048 turns).

retardedninja the Destroyer (GrFE)                 Turns: 23048, Time: 00:33:47

Health: -5/83      AC: 15    Str: 14    XL:     13   Next: 16%
Magic:  26/26      EV: 12    Int: 22    God:    Vehumet [***...]
Gold:   683        SH:  0    Dex: 10    Spells: 20/30 levels left

rFire   . . .        l - +5 trident "Erghik Bicea" {protect, rPois rC+}
rCold   + . .        (no shield)
rNeg    + . .        a - +0 robe
rPois   ∞            j - +1 helmet of Onyj {+Inv Str+3 Stlth+}
rElec   +            F - +0 cloak
rCorr   .            e - +0 pair of gloves
SInv    .            (no boots)
Will    .....        f - amulet of reflection
Stlth   ++           g - ring of wizardry
HPRegen 0.33/turn    (no ring)
MPRegen 0.20/turn

%: reflection, wizardry (x1)
@: confused, ambrosia-drunk
A: sickness immunity, AC +9, negative energy resistance 1, electricity
resistance, torment resistance 1, petrification resistance
a: Renounce Religion, Evoke Invisibility


You were on level 4 of the Lair of Beasts.
You worshipped Vehumet.
Vehumet was most pleased with you.
You visited 3 branches of the dungeon, and saw 16 of its levels.

You collected 683 gold pieces.

Inventory:

Hand Weapons
 l - the +5 trident "Erghik Bicea" (weapon) {protect, rPois rC+}
   (You found it on level 3 of the Dungeon)

   rC+:       It protects you from cold.
   rPois:     It protects you from poison
Armour
 a - a +0 robe (worn)
 e - a +0 pair of gloves (worn)
 j - the +1 helmet of Onyj (worn) {+Inv Str+3 Stlth+}
   (You took it off Robin on level 3 of the Dungeon)

   Str+3:     It affects your strength (+3).
   +Inv:      It lets you turn invisible.
   Stlth+:    It makes you more stealthy.
 t - an orb of energy
 F - a +0 cloak (worn)
Jewellery
 f - an amulet of reflection (around neck)
 g - a ring of wizardry (left hand)
Talismans
 u - a storm talisman
Wands
 k - a wand of paralysis (12)
 n - a wand of mindburst (14)
 y - a wand of flame (21)
 B - a wand of polymorph (7)
Scrolls
 o - a scroll of amnesia
 q - a scroll of enchant armour {unknown}
 s - 3 scrolls of blinking {unknown}
 v - 2 scrolls of revelation {unknown}
 x - a scroll of enchant weapon
 A - a scroll of poison {unknown}
 D - 2 scrolls of identify
 E - a scroll of vulnerability {unknown}
Potions
 b - a potion of haste {unknown}
 d - 3 potions of brilliance
 h - 3 potions of heal wounds {unknown}
 m - a potion of might
 p - a potion of magic
 z - a potion of resistance {unknown}
 C - a potion of attraction {unknown}


   Skills:
 + Level 10.7 Fighting
 - Level 1.9 Dodging
 - Level 2.7 Stealth
 + Level 9.4 Spellcasting
 + Level 10.9 Conjurations
 + Level 10.4 Fire Magic
 + Level 8.2 Air Magic


You had 20 spell levels left.
You knew the following spells:

 Your Spells              Type           Power      Damage    Failure   Level
a - Foxfire               Conj/Fire      100%       2x1d9     1%          1
b - Scorch                Fire           100%       2d9       1%          2
c - Flame Wave            Conj/Fire      55%        2d13      1%          4
d - Hailstorm             Conj/Ice       34%        3d9       1%          3

Your spell library contained the following spells:

 Spells                   Type           Power      Damage    Failure   Level
 Fulminant Prism          Conj/Hex       17%        3d11      1%          4
 Inner Flame              Hex/Fire       33%        N/A       1%          3
 Volatile Blastmotes      Fire/Tloc      66%        2d15      1%          3
 Iskenderun's Mystic Bla  Conj/Tloc      34%        2d8       1%          4
 Tukima's Dance           Hex            10%        N/A       8%          3
 Dimensional Bullseye     Hex/Tloc       5%         N/A       26%         4


Dungeon Overview and Level Annotations

Branches:
Dungeon (10/15)            Temple (1/1) D:6            Lair (5/5) D:10
 Shoals (0/4) Lair:3        Snake (0/4) Lair:2          Orc (0/2) D:10
  Slime: Lair:4-5

Altars:
Ashenzari
Cheibriados
Dithmenos
Elyvilon
Fedhas
Gozag
Hepliaklqana
Kikubaaqudgha
Makhleb
Nemelex Xobeh
Okawaru
Qazlal
Ru
Sif Muna
Trog
Uskayaw
Vehumet
Wu Jian
Xom
Yredelemnul
Zin
The Shining One
Jiyva

Portals:
Abyss: D:5

Annotations:
D:2 1 runed translucent door, Crazy Yiuf
D:5 2 transporters, grtsk's ghost, amateur MiBe
D:10 3 runed translucent doors, pokeman's ghost, journeyman DEHW
Lair:3 exclusion: oklob plant


Innate Abilities, Weirdness & Mutations

You are immune to sickness and miasma.
Your stone body is resilient. (AC +9)
You are immune to poison.
You resist negative energy. (rN+)
You are resistant to electric shocks. (rElec)
You are resistant to unholy torment.
You are immune to petrification.


Message History

The dream sheep bites you.
* * * LOW HITPOINT WARNING * * *
You bump into the rock wall.
The cane toad stings you but does no damage.
The dream sheep bites you but does no damage.
The cane toad stings you.
* * * LOW HITPOINT WARNING * * *
You feel less invigorated.
You feel less confused. You block the dream sheep's attack.
The cane toad attacks as it pursues you!
The cane toad stings you but does no damage.
The dream sheep bites you.
* * * LOW HITPOINT WARNING * * *
The cane toad stings you!
* * * LOW HITPOINT WARNING * * *
The dream sheep closely misses you.
As you read the scroll of teleportation, it crumbles to dust.
You feel strangely unstable. You block the cane toad's attack.
The dream sheep bites you but does no damage.
You are confused.
You feel invigorated. The cane toad barely misses you.
The dream sheep bites you.
* * * LOW HITPOINT WARNING * * *
The cane toad barely misses you.
Your surroundings suddenly seem different.
The fire crab breathes flames at you. The blast of flame engulfs you.
* * * LOW HITPOINT WARNING * * *
You're too confused to cast spells.
Okay, then.
You're too confused to cast spells.
Okay, then.
You bump into the rock wall.
You are engulfed in blazing flames.
* * * LOW HITPOINT WARNING * * *
The fire crab breathes flames at you. The blast of flame engulfs you.
* * * LOW HITPOINT WARNING * * *
You are engulfed in blazing flames.
You die...

#.....#### ###....÷.#
#... ##......# #.(. ##
#......## #... #
#.##......######...
.#.###...#.t(..○○#.#....
......°.°°○###○°○.......
.......°°○..#○○○○......#
....>..@.°°###.○○○......
###.##.°#°## ##.#P##....
# #°##.# ######.... ##
## #♣.~P ♣P~P #P♣~≈
##♣~≈ #~~ ###


You could see a fire crab.

Vanquished Creatures
  4 two-headed ogres
  Pikel (D:7)
  5 harpies (Lair:3)
  A salamander (Lair:2)
  A gargoyle (D:10)
  Joseph (D:7)
  5 black mambas
  A torpor snail (Lair:1)
  11 cane toads
  A kobold demonologist (D:10)
  Jeremiah (D:6)
  Maggie (D:7)
  4 rime drakes
  A komodo dragon (Lair:2)
  A troll (D:8)
  A hornet (D:10)
  Grinder (D:4)
  4 blink frogs (Lair:3)
  3 dream sheep
  3 wyverns
  Sigmund (D:2)
  21 yaks
  A basilisk (Lair:3)
  3 wargs
  3 steam dragons
  2 nagas (Lair:2)
  4 water moccasins
  Duvessa (D:4)
  2 orc warriors
  2 ice beasts (D:6)
  A black bear (D:5)
  3 ogres
  3 centaurs
  4 lemures (D:7)
  A phantom (D:5)
  A kobold brigand (D:9)
  10 bullfrogs
  2 gnoll sergeants
  3 scorpions
  13 wights
  Dowan (D:4)
  17 killer bees
  3 howler monkeys
  3 jellies
  A gnoll bouda (Lair:2)
  6 hounds
  4 orc priests (D:10)
  4 iguanas
  A sleepcap (D:4)
  Ijyb (D:3)
  Natasha (thrice) (D:3)
  9 orc wizards
  Robin (D:3)
  18 gnolls
  13 adders
  A white imp (D:5)
  A dart slug (D:3)
  25 orcs
  9 endoplasms
  6 giant cockroaches
  9 hobgoblins
  7 jackals
  9 quokkas
  2 training dummies (D:4)
  7 ball pythons
  5 bats
  12 goblins
  11 kobolds
  4 rats (D:1)
  A butterfly (Lair:3)
326 creatures vanquished.

Vanquished Creatures (collateral kills)
  10 foxfires (Lair:2)
10 creatures vanquished.

Vanquished Creatures (others)
  896 foxfires
896 creatures vanquished.

Grand Total: 1232 creatures vanquished

Notes
Turn   | Place    | Note
-------+----------+-------------------------------------------
     0 | D:1      | retardedninja the Gargoyle Fire Elementalist began the
                  | quest for the Orb.
     0 | D:1      | Reached XP level 1. HP: 10/10 MP: 3/3
   298 | D:1      | Reached XP level 2. HP: 15/15 MP: 3/5
  1161 | D:1      | Reached XP level 3. HP: 19/19 MP: 2/6
  1740 | D:1      | Learned a level 2 spell: Scorch
  1809 | D:2      | Reached XP level 4. HP: 15/24 MP: 2/7
  1920 | D:2      | Reached skill level 1 in Fighting
  2211 | D:2      | Reached skill level 1 in Air Magic
  2211 | D:2      | Reached XP level 5. HP: 18/29 MP: 6/9
  2586 | D:2      | Noticed Sigmund
  2593 | D:2      | Killed Sigmund
  2594 | D:2      | Reached XP level 6. HP: 35/35 MP: 3/10
  2802 | D:2      | Found a runed translucent door.
  2803 | D:2      | Noticed Crazy Yiuf
  2903 | D:2      | Found a faded altar of an unknown god.
  3269 | D:3      | Noticed Natasha
  3277 | D:3      | Killed Natasha
  3706 | D:3      | Noticed Natasha
  3723 | D:3      | Killed Natasha
  3824 | D:3      | Identified the +5 trident "Erghik Bicea" {protect, rPois
                  | rC+}
  3834 | D:3      | Identified the +1 helmet of Onyj {+Inv Str+3 Stlth+}
  3834 | D:3      | Noticed Robin
  3928 | D:3      | Killed Robin
  4158 | D:3      | Noticed Ijyb
  4172 | D:3      | Killed Ijyb
  4173 | D:3      | Reached XP level 7. HP: 19/40 MP: 3/12
  4299 | D:3      | Noticed Natasha
  4307 | D:3      | Killed Natasha
  4579 | D:4      | Noticed Grinder
  4606 | D:4      | Paralysed by Grinder for 5 turns
  4626 | D:4      | Killed Grinder
  5466 | D:4      | Found an ornate altar of the Wu Jian Council.
  5608 | D:4      | Noticed Duvessa
  5608 | D:4      | Noticed Dowan
  5611 | D:4      | Killed Dowan
  5614 | D:4      | Killed Duvessa
  5615 | D:4      | Reached XP level 8. HP: 47/48 MP: 8/14
  5881 | D:4      | Reached skill level 5 in Fire Magic
  6049 | D:5      | Entered Level 5 of the Dungeon
  6064 | D:5      | Learned a level 4 spell: Flame Wave
  6215 | D:5      | Found a one-way gate to the infinite horrors of the Abyss.
  6215 | D:5      | Noticed grtsk's ghost (amateur MiBe)
  6221 | D:5      | Noticed a toenail golem
  6395 | D:5      | Found a shimmering blue altar of Sif Muna.
  6542 | D:5      | Found a transporter.
  6655 | D:5      | Reached skill level 5 in Conjurations
  6833 | D:5      | Found a transporter.
  7112 | D:5      | Reached XP level 9. HP: 37/53 MP: 1/16
  7267 | D:5      | Reached skill level 5 in Spellcasting
  7268 | D:5      | Reached skill level 5 in Fighting
  7499 | D:6      | Noticed Jeremiah
  7504 | D:6      | Killed Jeremiah
  7610 | D:6      | Noticed a two-headed ogre
  7621 | D:6      | Killed a two-headed ogre
  7888 | D:6      | Found a staircase to the Ecumenical Temple.
  7990 | Temple   | Entered the Ecumenical Temple
  8012 | Temple   | Became a worshipper of Vehumet
  8267 | D:6      | Found a hide-covered altar of Uskayaw.
  9136 | D:7      | Noticed Pikel
  9154 | D:7      | Killed Pikel
  9155 | D:7      | Reached skill level 5 in Air Magic
  9155 | D:7      | Reached XP level 10. HP: 23/61 MP: 1/19
  9406 | D:7      | Noticed Maggie
  9844 | D:7      | Noticed Joseph
  9852 | D:7      | Killed Maggie
 10964 | D:7      | Killed Joseph
 12092 | D:8      | Reached * piety under Vehumet
 12092 | D:8      | Offered knowledge of Freeze by Vehumet.
 12393 | D:8      | Reached XP level 11. HP: 53/68 MP: 16/21
 12561 | D:8      | Noticed a two-headed ogre
 12568 | D:8      | Killed a two-headed ogre
 13100 | D:8      | Found a sparkling altar of Nemelex Xobeh.
 13249 | D:8      | Upgraded the game from 0.31-a0-925-g0a390f2509 to
                  | 0.31-a0-931-g7b59d4eb97
 13369 | D:9      | Noticed a two-headed ogre
 13373 | D:9      | Offered knowledge of Searing Ray by Vehumet.
 13379 | D:9      | Killed a two-headed ogre
 13379 | D:9      | Reached ** piety under Vehumet
 13975 | D:9      | Noticed a two-headed ogre
 13987 | D:9      | Killed a two-headed ogre
 14596 | D:9      | Identified the +5 chain mail of Classification {rElec MP+9
                  | Str-4 Int+2}
 14702 | D:10     | Entered Level 10 of the Dungeon
 14715 | D:10     | Found a staircase to the Lair.
 15326 | D:10     | Offered knowledge of Hailstorm by Vehumet.
 15884 | D:10     | Found a staircase to the Orcish Mines.
 16269 | D:10     | Found an ancient bone altar of Kikubaaqudgha.
 16303 | D:10     | Found a runed translucent gate.
 16304 | D:10     | Found a runed translucent gate.
 16307 | D:10     | Found a runed translucent gate.
 16307 | D:10     | Noticed pokeman's ghost (journeyman DEHW)
 16308 | D:10     | Noticed a great orb of eyes
 16352 | D:10     | Found a snail-covered altar of Cheibriados.
 16352 | D:10     | Found a burning altar of Makhleb.
 16353 | D:10     | Found a bloodstained altar of Trog.
 16397 | D:10     | Found a viscous altar of Jiyva.
 16423 | D:15     | Identified the "Hoasedgh"
 16423 | Lair:1   | Entered Level 1 of the Lair of Beasts
 16477 | Lair:1   | Reached XP level 12. HP: 46/76 MP: 10/24
 18420 | Lair:2   | Reached *** piety under Vehumet
 19103 | Lair:2   | Reached skill level 10 in Conjurations
 19669 | Lair:2   | Found a staircase to the Snake Pit.
 19678 | Lair:2   | Learned a level 3 spell: Hailstorm
 20700 | Lair:3   | Found a staircase to the Shoals.
 20703 | Lair:3   | Reached skill level 10 in Fighting
 21181 | Lair:3   | Offered knowledge of Fulminant Prism by Vehumet.
 21182 | Lair:3   | Reached skill level 10 in Fire Magic
 21982 | Lair:3   | Reached XP level 13. HP: 66/83 MP: 23/26
 22331 | Lair:3   | You fall into a shaft and drop 2 floors!
 22331 | Lair:5   | Entered Level 5 of the Lair of Beasts
 23048 | Lair:4   | Engulfed by a fire crab's flame

Illustrated notes

Levels and vault maps discovered:
D:1:      dpeg_arrival_simpleton_b, layout_basic
D:2:      layout_basic, hellmonk_ecumenical_altar_zigzags, uniq_sigmund,
          uniq_crazy_yiuf_cottage
D:3:      layout_basic, uniq_natasha, uniq_robin, uniq_ijyb
D:4:      dreamdust_elfheim, layout_cave_pods, mainiacjoe_overflow_boulevard,
          hangedman_abyss_or_decor_jellyfish_corner, uniq_grinder
D:5:      layout_loops_ring, mainiacjoe_overflow_alcove_1,
          gammafunk_ghost_abyssal_escape, minmay_pentangle
D:6:      layout_basic, nicolae_uskayaw_dance_hall,
          minmay_temple_entry_sparse_star, nicolae_figureground_sparkle,
          uniq_jeremiah
D:7:      layout_cave_pools, uniq_pikel, uniq_maggie, uniq_joseph
D:8:      layout_gridville, nemelex_diamond_rough_becter,
          grunt_decor_mini_mirrors
D:9:      layout_stronghold
D:10:     layout_basic, mainiacjoe_overflow_chevrons,
          gammafunk_temple_overflow_forgotten, erik_lair_orcish_takeover,
          gammafunk_ghost_ooze
Temple:   dpeg_chambers_temple
Lair:1:   layout_layer_cave
Lair:2:   layout_concentric_octagons, alex1729_snake_entry_snake,
          chequers_serial_rivers_large_b, minmay_hedge_maze,
          dreamdust_gnoll_shepherd
Lair:3:   layout_chaotic_city, nicolae_shoals_entry_roost, lemuel_fruit_fields,
          infiniplex_staircase_pool
Lair:4:   dreamdust_isle_of_ice, layout_cellular_growth,
          dpeg_slime_entry_corner, serial_bayou_pond_b,
          hangedman_lair_generics_rect, serial_bayou_shore_b
Lair:5:   guppyfry_lair_end_dragon, layout_gridlike, wormcave,
          nicolae_volcano_entry_batcave, lemuel_fruit_fields

Skill      XL: |  1  2  3  4  5  6  7  8  9 10 11 12 |
---------------+-------------------------------------+-----
Conjurations   | 2 3 4 5 7 8 9 10 | 10.9
Fighting       | 1 2 3 4 6 7 9 10 | 10.7
Air Magic      | 1 2 3 5 7 8 |  8.2
Spellcasting   | 3 4 6 7 8 9 |  9.4
Fire Magic     | 4 5 7 8 9 10 | 10.4
Dodging        | |  1.9
Stealth        | |  2.7

Action                     |  1- 3 |  4- 6 |  7- 9 | 10-12 | 13-15 || total
---------------------------+-------+-------+-------+-------+-------++-------
  Melee: Spear             |       |     5 |       |       |       ||     5
         Trident           |       |       |    14 |    25 |     6 ||    45
         Punch             |       |       |       |     1 |       ||     1
   Cast: Foxfire           |    72 |   114 |   165 |   175 |     4 ||   530
         Scorch            |     4 |    20 |    55 |   128 |    32 ||   239
         Flame Wave        |       |       |     6 |    38 |       ||    44
         Hailstorm         |       |       |       |     1 |       ||     1
  Evoke: Wand              |       |       |    13 |    14 |     6 ||    33
    Use: Potion            |       |     1 |       |     3 |     3 ||     7
         Scroll            |       |       |     6 |     4 |     5 ||    15
   Stab: Sleeping          |       |       |     1 |       |       ||     1
 Armour: Robe              |    18 |    22 |    51 |   305 |    74 ||   470
  Dodge: Dodged            |    28 |    20 |    75 |   183 |    30 ||   336
  Block: Other             |     7 |     4 |    19 |    76 |    17 ||   123
         Orb               |       |       |     2 |       |       ||     2
         Reflection        |       |       |       |     3 |     1 ||     4
         Form:             |       |       |       |     1 |       ||     1
         Storm             |       |       |       |     1 |       ||     1

Table legend: (Time is in decaauts)
 A = Elapsed time spent in this place.
 B = Non-inter-level travel time spent in this place.
 C = Inter-level travel time spent in this place.
 D = Time resting spent in this place.
 E = Time spent auto-exploring this place.
 F = Levels seen in this place.
 G = Mean time per level.
                   A        B        C        D        E       F      G
               +--------+--------+--------+--------+--------+-----+--------+
         Total |  23112 |  22766 |    346 |   6746 |  13060 |  16 | 1444.5 |
       Dungeon |  16403 |  16124 |    279 |   3777 |  10263 |  10 | 1640.3 |
        Temple |     35 |     23 |     12 |      0 |      0 |   1 |   35.0 |
          Lair |   6673 |   6618 |     55 |   2969 |   2797 |   5 | 1334.6 |
               +--------+--------+--------+--------+--------+-----+--------+

Top non-repeatable levels by time:
     D:6: 2972 daAuts
  Lair:3: 2238 daAuts
     D:9: 2069 daAuts
  Lair:1: 1893 daAuts
  Lair:2: 1822 daAuts
     D:1: 1682 daAuts
     D:5: 1659 daAuts
     D:2: 1573 daAuts
     D:4: 1528 daAuts
     D:8: 1301 daAuts
     D:3: 1268 daAuts
     D:7: 1257 daAuts
    D:10: 1091 daAuts
  Lair:4: 698 daAuts
  Temple: 35 daAuts
